 Dungeon Crawl Stone Soup version 0.21.1-1-g345015f (webtiles) character file.

192 Mirai the Digger (level 5, -14/28 HPs)
             Began as a Gargoyle Earth Elementalist on Feb 27, 2018.
             Was a Follower of Vehumet.
             Demolished by an ogre
             ... wielding a +0 giant club
              (16 damage)
             ... on level 4 of the Dungeon.
             The game lasted 00:19:54 (3409 turns).

Mirai the Digger (Gargoyle Earth Elementalist)      Turns: 3409, Time: 00:19:55

Health: -14/28     AC:  6    Str: 12    XL:     5   Next: 71%
Magic:  2/11       EV: 12    Int: 16    God:    Vehumet [*.....]
Gold:   300        SH:  0    Dex: 10    Spells: 9/13 levels left

rFire    . . .     SeeInvis .   b - +2 halberd (venom)
rCold    . . .     Gourm    .   (shield currently unavailable)
rNeg     + . .     Faith    .   c - +0 robe
rPois    ∞         Spirit   .   (no helmet)
rElec    +         Reflect  .   (no cloak)
rCorr    .         Harm     .   (no gloves)
MR       .....                  (no boots)
Stlth    ++........             (no amulet)
HPRegen  0.09/turn              (no ring)
MPRegen  0.12/turn              (no ring)

@: very slightly contaminated
A: negative energy resistance 1, electricity resistance, unbreathing,
petrification resistance, rot immunity, AC +4
a: Renounce Religion


You were on level 4 of the Dungeon.
You worshipped Vehumet.
Vehumet was aware of your devotion.
You were very hungry.

You visited 1 branch of the dungeon, and saw 4 of its levels.

You collected 300 gold pieces.

Inventory:

Hand Weapons
 b - a +2 halberd of venom (weapon)
 g - a +0 dagger
 h - a cursed -3 halberd
 i - a +0 spear
 k - a +0 dagger
 l - a +0 spear
 q - a +0 flail
 r - a +0 short sword
Armour
 c - a +0 robe (worn)
 f - a +0 ring mail
Scrolls
 a - a scroll of enchant weapon
 j - 7 scrolls of identify
Potions
 m - a potion of flight {unknown}
 n - a potion of curing {unknown}
 t - a potion of haste {unknown}
Books
 e - a book of Geomancy

   Spells                             Type                      Level
   a - Sandblast                      Earth                        1
   b - Passwall                       Transmutation/Earth          2
   c - Stone Arrow                    Conjuration/Earth            3
   d - Petrify                        Transmutation/Earth          4
   e - Lee's Rapid Deconstruction     Earth                        5
Comestibles
 d - 6 rations


   Skills:
   Level 0.1 Axes
 - Level 1.5 Dodging
 - Level 2.1 Stealth
 + Level 4.5 Spellcasting
 * Level 0.7 Conjurations
   Level 0.7 Transmutations
 + Level 4.9 Earth Magic


You had 9 spell levels left.
You knew the following spells:

 Your Spells              Type           Power        Failure   Level  Hunger
a - Sandblast             Erth           ###...       1%          1    None
b - Stone Arrow           Conj/Erth      ##....       14%         3    ###....


Dungeon Overview and Level Annotations

Branches:
Dungeon (4/15)
 Temple: D:4-7

Altars:
Vehumet
Xom


Innate Abilities, Weirdness & Mutations

You are resistant to torment.
Your stone body is resilient. (AC +4)
You are immune to poison.
You resist negative energy. (rN+)
You are resistant to electric shocks. (rElec)
You can survive without breathing.
You are immune to petrification.
You are immune to rotting.


Message History

You are feeling very hungry.
Casting: Stone Arrow
Confirm with . or Enter, or press ? or * to list all spells.
Aiming: Stone Arrow
Press: ? - help, Shift-Dir - straight line, f/p - ogre
Aim: an ogre, wielding a giant club (heavily wounded)
The stone arrow hits the ogre.
The ogre is severely wounded.
The ogre closely misses you.
Casting: Stone Arrow
Confirm with . or Enter, or press ? or * to list all spells.
Aiming: Stone Arrow
Press: ? - help, Shift-Dir - straight line, f/p - ogre
Aim: an ogre, wielding a giant club (severely wounded)
You miscast Stone Arrow.
You are very lightly contaminated with residual magic.
You are momentarily dazzled by a flash of light!
The ogre hits you with a giant club!
Ouch! That really hurt!
You die...

#.##### #.....#
###.....###
......... #.....#
# #.....#####
#.#.........###
..............####
..#.#.........hO@#
###!#..#..#.##r#.#
#.#..#..#.##.#.# #
#.#..#..#.##...#
#.#.....#.###..#
#.#.###.#.# #..#
#.#.. ..#.# ##.<
#..


You could see an ogre, a hound and a rat.

Vanquished Creatures
  8 gnolls
  2 adders
  3 oozes
  A worm (D:2)
  A dart slug (D:1)
  A leopard gecko (D:2)
  2 orcs (D:3)
  5 giant cockroaches
  5 goblins
  12 hobgoblins
  7 jackals
  2 quokkas (D:2)
  10 bats
  6 frilled lizards
  5 kobolds
  6 rats
76 creatures vanquished.

Notes
Turn   | Place    | Note
-------+----------+-------------------------------------------
     0 | D:1      | Mirai the Gargoyle Earth Elementalist began the quest for the Orb.
     0 | D:1      | Reached XP level 1. HP: 10/10 MP: 3/3
     9 | D:1      | Noticed a water moccasin
     9 | D:1      | Noticed a lindwurm
     9 | D:1      | Noticed a black bear
   102 | D:1      | Reached XP level 2. HP: 12/15 MP: 0/5
   627 | D:1      | Reached XP level 3. HP: 14/19 MP: 5/7
  1148 | D:1      | Learned a level 3 spell: Stone Arrow
  1640 | D:2      | Reached XP level 4. HP: 18/24 MP: 1/8
  1787 | D:2      | Found a radiant altar of Vehumet.
  1794 | D:2      | Became a worshipper of Vehumet
  2295 | D:3      | Found a faded altar of an unknown god.
  2350 | D:3      | HP: 1/24 [quokka (3)]
  2381 | D:3      | Reached XP level 5. HP: 15/28 MP: 1/10
  2970 | D:3      | Found a shimmering altar of Xom.
  3191 | D:3      | Reached * piety under Vehumet
  3191 | D:3      | Offered knowledge of Flame Tongue by Vehumet.
  3402 | D:4      | Noticed an ogre
  3405 | D:4      | HP: 1/28 [ogre/giant club (27)]
  3409 | D:4      | Demolished by an ogre

Skill      XL: |  1  2  3  4  5 |
---------------+----------------+-----
Earth Magic    | 4 |  4.9
Spellcasting   | 3 4 |  4.5
Axes           | |  0.1
Dodging        | |  1.5
Stealth        | |  2.1
Conjurations   | |  0.7
Transmutations | |  0.7

Action                   |  1- 3 |  4- 6 || total
-------------------------+-------+-------++-------
Melee: Unarmed           |    28 |       ||    28
       Hand axe          |    71 |    33 ||   104
       Dagger            |       |    18 ||    18
       Halberd           |       |    19 ||    19
 Cast: Sandblast         |    42 |    32 ||    74
       Stone Arrow       |       |    18 ||    18
  Use: Scroll            |     6 |     3 ||     9
       Potion            |       |     1 ||     1
 Stab: Sleeping          |     1 |       ||     1
  Eat: Chunk             |     3 |     6 ||     9
Armor: Leather armour    |    43 |       ||    43
       Robe              |     4 |    46 ||    50
Dodge: Dodged            |    86 |    91 ||   177
